 Dungeon Crawl Stone Soup version 0.32-a0-685-g93135e86f0 (webtiles) character file.

Game seed: 1130669632300405435

5737 zenocrate the Digger (level 10, -6/68 HPs)
             Began as an Octopode Earth Elementalist on Mar 12, 2024.
             Killed by divine providence
             ... invoked by an orc priest
              (14 damage)
             ... on level 9 of the Dungeon on Mar 13, 2024.
             The game lasted 00:15:30 (7691 turns).

zenocrate the Digger (Octopode Earth Elementalist)  Turns: 7691, Time: 00:15:31

Health: -6/68      AC:  7    Str:  7    XL:     10   Next: 77%
Magic:  4/18       EV: 15    Int: 22    God:
Gold:   672        SH:  0    Dex: 13    Spells: 5/20 levels left

rFire   . . .        a - staff of alchemy
rCold   . . .        (no shield)
rNeg    . . .        y - +2 hat
rPois   +            h - amulet of magic regeneration
rElec   .            n - +4 ring of protection
rCorr   +            o - ring of poison resistance
SInv    .            l - ring of ice
Will    .....        A - ring of fire
Stlth   ++++         B - ring of resist corrosion
HPRegen 0.31/turn    (no ring)
MPRegen 0.56/turn    (no ring)
                     (no ring)

%: no passive effects
@: studying Unarmed Combat
A: almost no armour, amphibious, 8 rings, camouflage 1, gelatinous body 1,
(nimble swimmer 1), tentacles
a: Convert to Beogh


You were on level 9 of the Dungeon.
You visited 2 branches of the dungeon, and saw 10 of its levels.
You also visited: Ossuary.

You collected 672 gold pieces.

Inventory:

Missiles
 F - a throwing net
Armour
 y - a +2 hat (worn)
Magical Staves
 a - a staff of alchemy (weapon)
 v - a staff of fire
 E - a staff of air
Jewellery
 h - an amulet of magic regeneration (around mantle)
 l - a ring of ice (on tentacle)
 n - a +4 ring of protection (left tentacle)
 o - a ring of poison resistance (right tentacle)
 A - a ring of fire (on tentacle)
 B - a ring of resist corrosion (on tentacle)
Wands
 g - a wand of light (6)
 m - a wand of flame (31)
 t - a wand of polymorph (7)
 C - a wand of charming (10)
Scrolls
 f - 3 scrolls of fog
 p - a scroll of vulnerability
 r - 6 scrolls of teleportation
 s - a scroll of immolation
 w - 2 scrolls of enchant weapon
 x - a scroll of revelation
 z - a scroll of acquirement
 D - a scroll of identify
Potions
 b - 2 potions of magic
 c - 5 potions of mutation
 d - a potion of heal wounds
 e - a potion of cancellation
 i - 6 potions of curing
 j - 3 potions of attraction
 k - a potion of haste
 q - a potion of invisibility
 u - a potion of brilliance


   Skills:
 + Level 6.3 Fighting
 + Level 6.2 Dodging
 - Level 6.0 Stealth
 + Level 4.5 Unarmed Combat
 + Level 5.7 Spellcasting
 + Level 5.8 Conjurations
 + Level 7.4 Earth Magic
 - Level 6.0 Evocations


You had 5 spell levels left.
You knew the following spells:

 Your Spells              Type           Power      Damage    Failure   Level
a - Stone Arrow           Conj/Erth      70%        3d11      1%          3
b - Frozen Ramparts       Ice            18%        1d3       28%         3
c - Sandblast             Erth           76%        2d16      1%          1
d - Brom's Barrelling Bo  Conj/Erth      35%        2d5       6%          4
e - Dispel Undead         Necr           6%         3d8       67%         4

Your spell library contained the following spells:

 Spells                   Type           Power      Damage    Failure   Level
 Magic Dart               Conj           100%       1d8       1%          1
 Searing Ray              Conj           64%        2d6       1%          2
 Passwall                 Erth           38%        N/A       1%          3
 Kiss of Death            Conj/Necr      76%        2d11      2%          1
 Hailstorm                Conj/Ice       28%        3d8       9%          3
 Freeze                   Ice            36%        1d5       10%         1
 Cigotuvi's Dreadful Rot  Necr/Alch/Air  18%        N/A       14%         2
 Ensorcelled Hibernation  Hex/Ice        18%        N/A       14%         2
 Sublimation of Blood     Necr           6%         N/A       14%         2
 Petrify                  Alch/Erth      33%        N/A       21%         4
 Confusing Touch          Hex            6%         N/A       28%         3
 Fugue of the Fallen      Necr           6%         N/A       28%         3
 Fulminant Prism          Conj/Alch      14%        3d9       28%         4
 Arcjolt                  Conj/Air       9%         1d19      61%         5
 Fireball                 Conj/Fire      14%        3d8       61%         5
 Irradiate                Conj/Alch      14%        3d16      61%         5
 Anguish                  Hex/Necr       3%         N/A       67%         4


Dungeon Overview and Level Annotations

Branches:
Dungeon (9/15)             Temple (1/1) D:4         Ossuary (visited)
   Lair: D:8-11         Orc: D:9-12

Altars:
Ashenzari
Cheibriados
Elyvilon
Fedhas
Hepliaklqana
Kikubaaqudgha
Makhleb
Nemelex Xobeh
Okawaru
Qazlal
Ru
Sif Muna
Trog
Uskayaw
Vehumet
Wu Jian
Xom
Yredelemnul
Zin
The Shining One

Shops:
D:1 ?   D:2 ?   D:9 [

Annotations:
D:6 1 runed translucent door
D:8 1 runed translucent door, TombstoneGhost's ghost, novice MDFi


Innate Abilities, Weirdness & Mutations

You cannot wear most types of armour.
You are amphibious.
You can wear up to eight rings at the same time.
Your skin changes colour to match your surroundings (Stealth+).
Your rubbery body absorbs attacks. (AC +1, EV +1)
((You are camouflaged when in or above water. (Stealth+)))
You have tentacles for arms and can constrict up to eight enemies at once.


Message History

Unknown command.
The orc priest shouts, "Beogh offers mercy even to people such as you.
Join us and be reborn!"
You hit the orc priest but do no damage.
Your grab misses the orc priest. Your squeeze misses the orc priest.
The orc priest is heavily wounded.
The orc priest invokes the aid of Beogh against you.
Beogh smites you!
An orc warrior comes into view. It is wielding a +0 hand axe.
The orc priest barely misses you.
You closely miss the orc priest.
The orc priest threatens, "Beogh's wrath is as vast as their mercy.
Make your choice!"
Your grab misses the orc priest. You squeeze the orc priest.
The orc priest is severely wounded.
The orc hits you with a +0 morningstar.
The orc priest calls down the wrath of Beogh upon you.
Pain shoots through your body!
* * * LOW HITPOINT WARNING * * *
The orc priest calls upon Beogh to heal the orc priest.
The orc priest is healed somewhat.
You hear a shout!
Unknown command.
Unknown command.
Okay, then.
As you read the scroll labelled BOCOUM OMOBLOE, it crumbles to dust.
It is a scroll of enchant armour.
Your +1 hat glows green for a while.
The orc closely misses you.
The orc priest looks braver for a moment.
An orc wizard comes into view.
It is wielding a +0 dagger and wearing a +1 robe of willpower.
Unknown command.
The orc attacks as it pursues you! The orc hits you with a +0 morningstar.
* * * LOW HITPOINT WARNING * * *
The orc priest attacks as it pursues you!
The orc priest hits you with a +0 short sword.
* * * LOW HITPOINT WARNING * * *
The orc wizard casts a spell.
The orc wizard flickers and vanishes!
Deactivating autopickup; reactivate with Ctrl-A.
The orc priest invokes the aid of Beogh against you.
Beogh smites you!
You die...

###########
#?..).)....
#..#..).[..
###oo#)...!o.
#.@o..o.{.!..
#.#....}....#
#.#...).....o
##.#..........
#..###########
#.## #.#
########## #.#
####
#........# #.#
#..#


You could see an orc warrior, 2 orc priests and an orc.

Vanquished Creatures
  Harold (D:9)
  Pikel (D:5)
  A troll (D:9)
  A hornet (D:7)
  Eustachio (D:5)
  4 steam dragons
  2 acid dragons (D:9)
  4 water moccasins
  2 orc warriors
  2 ogres
  2 black bears
  3 centaurs
  The ghost of justen the Charlatan, an amateur CoAr of Fedhas (D:4)
  A lemure (D:5)
  4 bullfrogs
  A kobold brigand (D:8)
  A gnoll sergeant (D:9)
  3 scorpions
  3 wights (D:8)
  5 killer bees (D:7)
  A howler monkey (D:6)
  5 hounds
  2 bombardier beetles
  2 orc priests
  2 jellies
  2 sleepcaps
  An iguana (D:5)
  7 orc wizards
  6 scorpion zombies (D:6)
  8 mummies (Ossuary)
  8 adders
  7 gnolls
  A howler monkey skeleton (D:6)
  2 ufetubi (D:7)
  5 ribbon worms
  2 dart slugs
  31 orcs
  6 ball pythons
  8 bats
  6 endoplasms
  2 giant cockroaches
  2 gnoll zombies (Ossuary)
  12 goblins
  5 hobgoblins
  6 jackals
  11 kobolds
  2 quokkas
  3 frilled lizards
  2 hobgoblin zombies (Ossuary)
  3 kobold zombies (Ossuary)
  An orc zombie (Ossuary)
  5 rats
209 creatures vanquished.

Notes
Turn   | Place    | Note
-------+----------+-------------------------------------------
     0 | D:1      | zenocrate the Octopode Earth Elementalist began the quest
                  | for the Orb.
     0 | D:1      | Reached XP level 1. HP: 11/11 MP: 3/3
   138 | D:1      | Found Zoedyaca's Magic Scroll Shoppe.
   190 | D:1      | Reached XP level 2. HP: 17/17 MP: 3/5
   894 | D:2      | Found Esetalots's Magic Scroll Shoppe.
   931 | D:2      | Reached skill level 1 in Fighting
   931 | D:2      | Reached XP level 3. HP: 22/23 MP: 3/6
   936 | D:2      | Learned a level 3 spell: Stone Arrow
  1618 | D:3      | Reached XP level 4. HP: 18/28 MP: 7/7
  2005 | D:3      | Learned a level 3 spell: Frozen Ramparts
  2131 | D:3      | Reached XP level 5. HP: 29/34 MP: 8/8
  2156 | D:3      | Found a faded altar of an unknown god.
  2533 | D:4      | Found a runed translucent door.
  2533 | D:4      | Noticed justen's ghost (amateur CoAr)
  2686 | D:4      | Found a staircase to the Ecumenical Temple.
  2695 | Temple   | Entered the Ecumenical Temple
  2832 | D:4      | Found a sacrificial altar of Ru.
  3152 | D:4      | Noticed an ogre
  3157 | D:4      | Killed an ogre
  3158 | D:4      | Reached skill level 1 in Evocations
  3158 | D:4      | Reached XP level 6. HP: 41/41 MP: 8/10
  3247 | D:4      | Found a snail-covered altar of Cheibriados.
  3306 | D:4      | Killed justen's ghost
  3384 | D:5      | Entered Level 5 of the Dungeon
  3390 | D:5      | Reached skill level 4 in Earth Magic
  3414 | D:5      | Reached XP level 7. HP: 46/46 MP: 7/11
  3474 | D:5      | Noticed Eustachio
  3580 | D:5      | Got the Cyclopedia of Austromancy and Combustion
  3648 | D:5      | Reached skill level 5 in Stealth
  3680 | D:5      | Killed Eustachio
  3681 | D:5      | Reached XP level 8. HP: 28/53 MP: 4/13
  3780 | D:5      | Learned a level 4 spell: Dispel Undead
  3851 | D:5      | Noticed Pikel
  3857 | D:5      | Killed Pikel
  3858 | D:5      | Reached skill level 5 in Earth Magic
  4056 | D:6      | Identified a scroll of acquirement
  4056 | D:6      | Acquired a manual of Unarmed Combat
  4058 | D:6      | Found a shimmering blue altar of Sif Muna.
  4073 | D:6      | Reached XP level 9. HP: 55/59 MP: 6/15
  4082 | D:6      | Found a sand-covered staircase.
  4096 | D:6      | Reached skill level 6 in Earth Magic
  4113 | Ossuary  | Entered an ossuary
  4473 | D:6      | Reached skill level 1 in Unarmed Combat
  5141 | D:6      | Found a runed translucent door.
  5142 | D:6      | Found a basalt altar of Yredelemnul.
  5297 | D:7      | Reached skill level 5 in Fighting
  5297 | D:7      | Reached skill level 5 in Dodging
  5419 | D:7      | Found an iron altar of Okawaru.
  5737 | D:7      | Noticed a hornet
  5754 | D:7      | Killed a hornet
  5755 | D:7      | Reached skill level 5 in Conjurations
  5755 | D:7      | Reached skill level 5 in Evocations
  5864 | D:7      | Reached skill level 5 in Spellcasting
  5864 | D:7      | Reached XP level 10. HP: 66/66 MP: 13/17
  5869 | D:7      | Learned a level 4 spell: Brom's Barrelling Boulder
  5931 | D:7      | Found a hazy altar of Hepliaklqana.
  6427 | D:8      | Found a broken altar of Ashenzari.
  6452 | D:8      | Noticed TombstoneGhost's ghost (novice MDFi)
  6473 | D:8      | Found a runed translucent door.
  6492 | D:8      | Reached skill level 7 in Earth Magic
  6958 | D:8      | Found a glowing golden altar of the Shining One.
  7494 | D:9      | Noticed Harold
  7502 | D:9      | Killed Harold
  7540 | D:9      | Found a shimmering altar of Xom.
  7631 | D:9      | Found Hoxir's Armour Shop.
  7691 | D:9      | Killed from afar by an orc priest

Illustrated notes

Levels and vault maps discovered:
D:1:      lightli_arrival_windingriver, layout_basic, serial_shops, shop
D:2:      layout_basic, serial_shops, shop, serial_corexii_hall,
          corexii_hall_statues_i, corexii_hall_statues_t
D:3:      layout_basic, hellmonk_ecumenical_altar_leap_of_faith,
          kennysheep_donut
D:4:      layout_basic, kennysheep_mini_moat, mainiacjoe_overflow_catwalk,
          minmay_temple_entry_arrows, hellmonk_ghost_happy_afterlife,
          kennysheep_boxes
D:5:      layout_rooms, kennysheep_generic_room_4, uniq_eustachio, uniq_pikel
D:6:      layout_loops_ring, lemuel_coloured_pillars_altar,
          dk_yredelemnul_ordeal, mainiacjoe_ossuary_entry_find_the_door
D:7:      layout_cave_pools, okawaru_gym_becter, amcnicky_altar_gilded
D:8:      layout_loops_cross, mainiacjoe_overflow_24_doors,
          overflow_temple_1_default, hellmonk_ghost_big_iron
D:9:      layout_small_grid, kennysheep_little_box, lemuel_doored_altar,
          erik_orc_1, serial_shops, kennysheep_mini, uniq_harold
Temple:   grunt_temple_mini_profane

Skill      XL: |  1  2  3  4  5  6  7  8  9 10 |
---------------+-------------------------------+-----
Fighting       | 1 2 3 4 5 6 |  6.3
Stealth        | 3 4 5 6 |  6.0
Conjurations   | 2 3 5 |  5.8
Evocations     | 1 2 3 5 6 |  6.0
Dodging        | 3 4 5 6 |  6.2
Spellcasting   | 3 4 5 |  5.7
Earth Magic    | 4 5 6 7 |  7.4
Unarmed Combat | 3 4 |  4.5

Action                     |  1- 3 |  4- 6 |  7- 9 | 10-12 || total
---------------------------+-------+-------+-------+-------++-------
  Melee: Short sword       |    18 |    57 |    55 |       ||   130
         Constrict         |    10 |    15 |    26 |    11 ||    62
         Tentacles         |     3 |    18 |    31 |    23 ||    75
         Staff             |       |       |    35 |    48 ||    83
   Cast: Sandblast         |    29 |    28 |       |       ||    57
         Stone Arrow       |       |     7 |    92 |    80 ||   179
  Evoke: Wand              |       |       |     1 |     4 ||     5
    Use: Scroll            |       |     3 |    13 |     2 ||    18
         Potion            |       |       |     1 |     3 ||     4
   Stab: Sleeping          |     2 |     9 |     5 |     1 ||    17
         Distracted        |       |       |     1 |       ||     1
 Armour: Skin              |    15 |    27 |    80 |    74 ||   196
  Dodge: Dodged            |    22 |    34 |    77 |    79 ||   212

Table legend: (Time is in decaauts)
 A = Elapsed time spent in this place.
 B = Non-inter-level travel time spent in this place.
 C = Inter-level travel time spent in this place.
 D = Time resting spent in this place.
 E = Time spent auto-exploring this place.
 F = Levels seen in this place.
 G = Mean time per level.
                   A        B        C        D        E       F      G
               +--------+--------+--------+--------+--------+-----+--------+
         Total |   7734 |   7514 |    220 |     14 |   6148 |  11 |  703.1 |
       Dungeon |   7407 |   7187 |    220 |     14 |   5911 |   9 |  823.0 |
        Temple |      4 |      4 |      0 |      0 |      0 |   1 |    4.0 |
       Ossuary |    322 |    322 |      0 |      0 |    237 |   1 |  322.0 |
               +--------+--------+--------+--------+--------+-----+--------+

Top non-repeatable levels by time:
     D:8: 1139 daAuts
     D:7: 977 daAuts
     D:3: 942 daAuts
     D:6: 910 daAuts
     D:4: 890 daAuts
     D:1: 888 daAuts
     D:2: 685 daAuts
     D:5: 665 daAuts
 Ossuary: 322 daAuts
     D:9: 307 daAuts
  Temple: 4 daAuts
